 Dungeon Crawl Stone Soup version 0.28-a0-1594-ga885d4b3d6 (webtiles) character file.

Game seed: 13171254457416727519

2671 rogsnak the Destroyer (level 9, -5/71 HPs)
             Began as a Pale Draconian Hedge Wizard on Jan 20, 2022.
             Was a Priest of Sif Muna.
             Killed from afar by an oklob plant (36 damage)
             ... with a splash of acid
             ... on level 6 of the Dungeon on Jan 21, 2022.
             The game lasted 00:20:30 (8788 turns).

rogsnak the Destroyer (Pale Draconian Hedge Wizard) Turns: 8788, Time: 00:20:31

Health: -5/71      AC: -1    Str: 12    XL:     9   Next: 37%
Magic:  20/20      EV: 13    Int: 20    God:    Sif Muna [***...]
Gold:   343        SH:  0    Dex: 10    Spells: 16/22 levels left

rFire   . . .      SeeInvis .   J - +4 flail (protect)
rCold   . . .      Faith    +   (no shield)
rNeg    . . .      Spirit   .   (armour unavailable)
rPois   .          Reflect  .   b - +0 hat
rElec   .          Harm     .   (no cloak)
rCorr   .          Rampage  .   (no gloves)
Will    .....                   (no boots)
Stlth   ++........              f - amulet of faith
HPRegen 0.21/turn               (no ring)
MPRegen 0.17/turn               (no ring)

@: short of breath, corroded
A: breathe steam, AC +7, unfitting armour, cold-blooded, steam resistance
a: Breathe Steam, Renounce Religion, Channel Magic, Forget Spell


You were on level 6 of the Dungeon.
You worshipped Sif Muna.
Sif Muna was most pleased with you.
You visited 1 branch of the dungeon, and saw 6 of its levels.
You also visited: Sewer.

You collected 343 gold pieces.

Inventory:

Hand Weapons
 a - a +0 dagger
 c - a +0 mace
 m - a +0 dagger of draining
 B - a +0 dagger of venom
 J - a +4 flail of protection (weapon)
Missiles
 e - 253 stones
 u - 2 curare-tipped darts
 y - 13 poisoned darts
 F - a throwing net
 H - 3 atropa-tipped darts
Armour
 b - a +0 hat (worn)
Magical Staves
 g - a staff of death
 C - a staff of cold
Jewellery
 f - an amulet of faith (around neck)
 k - an amulet of the acrobat
Scrolls
 d - 3 scrolls of brand weapon {unknown}
 h - 5 scrolls of identify {unknown}
 i - 7 scrolls of teleportation {unknown}
 j - a scroll of enchant weapon {unknown}
 n - 4 scrolls of blinking {unknown}
 o - 2 scrolls of magic mapping {unknown}
 p - a scroll of noise {unknown}
 q - 2 scrolls of fog {unknown}
 v - 2 scrolls of immolation {unknown}
 x - a scroll of fear {unknown}
 E - a scroll of vulnerability {unknown}
 G - a scroll of acquirement {unknown}
Potions
 l - 4 potions of heal wounds {unknown}
 r - a potion of experience {unknown}
 s - a potion of ambrosia {unknown}
 t - a potion of attraction {unknown}
 w - a potion of brilliance {unknown}
 z - 2 potions of magic {unknown}
 A - 2 potions of curing {unknown}
 D - a potion of degeneration {unknown}
 I - a potion of mutation {unknown}
 K - a potion of might {unknown}
 L - a potion of berserk rage {unknown}
 M - a potion of flight


   Skills:
 + Level 3.8 Fighting
 + Level 5.0 Dodging
 - Level 1.7 Stealth
 + Level 7.3 Spellcasting
 * Level 8.5 Conjurations
 - Level 1.0 Summonings
 - Level 1.0 Translocations


You had 16 spell levels left.
You knew the following spells:

 Your Spells              Type           Power      Damage    Failure   Level
a - Magic Dart            Conj           100%       1d8       1%          1
b - Blink                 Tloc           22%        N/A       9%          2
c - Mephitic Cloud        Conj/Pois/Air  18%        N/A       9%          3

Your spell library contained the following spells:

 Spells                   Type           Power      Damage    Failure   Level
 Conjure Flame            Conj/Fire      24%        6-21      4%          3
 Beastly Appendage        Tmut           14%        N/A       9%          1
 Slow                     Hex            28%        N/A       9%          1
 Sting                    Tmut/Pois      28%        1d4       9%          1
 Call Imp                 Summ           11%        N/A       9%          2
 Ensorcelled Hibernation  Hex/Ice        14%        N/A       14%         2
 Poisonous Vapours        Pois/Air       14%        N/A       14%         2
 Wereblood                Tmut           7%         N/A       14%         2
 Ignite Poison            Fire/Tmut/Pois 7%         N/A       26%         3
 Ozocubu's Armour         Ice            7%         N/A       26%         3
 Spider Form              Tmut/Pois      7%         N/A       26%         3
 Fireball                 Conj/Fire      12%        3d7       41%         5
 Freezing Cloud           Conj/Ice/Air   9%         6-21      61%         5
 Anguish                  Hex/Necr       3%         N/A       65%         4
 Olgreb's Toxic Radiance  Pois           7%         N/A       65%         4
 Starburst                Conj/Fire      12%        6d5       94%         6
 Ozocubu's Refrigeration  Ice            3%         4d5       100%        7
 Ignition                 Fire           3%         3d4       100%        8


Dungeon Overview and Level Annotations

Branches:
Dungeon (6/15)             Temple (0/1) D:6           Sewer (visited)

Altars:
Ashenzari
Cheibriados
Dithmenos
Qazlal
Sif Muna
Uskayaw
Wu Jian
Xom
Yredelemnul
The Shining One

Shops:
D:5 ?

Annotations:
D:5 3 runed translucent doors, pdpol's ghost, amateur GnWn
D:6 exclusion: oklob plant


Innate Abilities, Weirdness & Mutations

You can breathe blasts of scalding, opaque steam.
Your pale cyan-grey scales are hard. (AC +7)
You cannot fit into any form of body armour.
You are cold-blooded and may be slowed by cold attacks.
You are immune to the effects of steam.


Message History

There is a dry fountain here.
Found a scroll labelled ZEOMOI RAPLES.
There is a staircase to the Ecumenical Temple here.
d - 3 scrolls labelled ZEOMOI RAPLES (gained 1)
There is a dry fountain here.
There is a fountain of clear blue water here.
Things that are here:
a +0 club; 2 boomerangs; an orc corpse
Found 14 bolts.
Partly explored, can't reach some items and places.
Things that are here:
a +0 rapier; a +0 leather armour; 14 bolts Really walk into a travel-excluded area? [Y]es or [N]o only, please.
Really walk into a travel-excluded area? [Y]es or [N]o only, please.
Really walk into a travel-excluded area?
Aiming: Breathe Steam (1% risk of failure)
Press: ? - help, Shift-Dir - straight line, f - oklob plant
Aim: an oklob plant (100% to hit)
You exhale a blast of scalding steam.
Unknown command.
Unknown command.
The fungus is engulfed in a cloud of scalding steam.
There is an open door here.
The oklob plant is engulfed in a cloud of scalding steam.
The oklob plant spits acid at you. The splash of acid hits you!!
The acid corrodes you! 3 endoplasms come into view.
You see here a scroll labelled YGOMUE UGGUGOA.
h - 5 scrolls labelled YGOMUE UGGUGOA (gained 1)
The endoplasm quivers.
The fungus is engulfed in a cloud of scalding steam.
A nearby fungus withers and dies.
The oklob plant spits acid at you. The splash of acid hits you!!
The acid corrodes you! The oklob plant spits acid at you.
The splash of acid hits you!!!
Ouch! That really hurt!
You die...

...##............###......)...#.#
.............................##.#
............................###.#
.......................#.........
.................#..........###..
........##########............#..
........###...####........##..#..
##......#.J.....##........###....
........#J.JP...@..ยง.......#.....
..##....#.P.....##..........#....
#.....>.###P..#####.###.....#....
##......##########...###.......##
#.....#..#.......##.##........##
#.....######.........##.......##
#......# ##......)..#)......###
#####..# #.....###)..)..##.## #
###...# ##..#...#.....#.#### #


You could see an oklob plant and 3 endoplasms.

Vanquished Creatures
  Eustachio (D:6)
  Edmund (D:5)
  2 water moccasins
  3 orc warriors (D:6)
  2 ice beasts
  An ogre (D:6)
  2 centaurs (D:5)
  2 kobold brigands
  Blork the orc (D:5)
  2 howler monkeys (D:5)
  A bullfrog zombie (D:5)
  9 jellies
  7 hounds
  5 orc priests
  An iguana (D:6)
  A scorpion zombie (D:5)
  9 orc wizards
  5 adders
  2 river rats
  A shadow imp (D:6)
  2 ufetubi (D:5)
  An adder skeleton (D:4)
  3 worms
  12 dart slugs
  18 orcs
  9 bats
  19 endoplasms
  6 giant cockroaches
  7 goblins
  5 hobgoblins
  9 jackals
  9 quokkas
  6 ball pythons
  A frilled lizard (D:1)
  16 kobolds
  9 rats
190 creatures vanquished.

Vanquished Creatures (others)
  3 fungi (D:6)
3 creatures vanquished.

Grand Total: 193 creatures vanquished

Notes
Turn   | Place    | Note
-------+----------+-------------------------------------------
     0 | D:1      | rogsnak the Draconian Hedge Wizard began the quest for the
                  | Orb.
     0 | D:1      | Reached XP level 1. HP: 14/14 MP: 4/4
   414 | D:1      | Reached XP level 2. HP: 20/20 MP: 0/6
   524 | D:1      | Found a faded altar of an unknown god.
  1098 | D:1      | Reached XP level 3. HP: 25/26 MP: 0/8
  1172 | D:1      | Learned a level 2 spell: Blink
  1176 | D:1      | Learned a level 3 spell: Mephitic Cloud
  1759 | D:2      | You fall into a shaft and drop 2 floors!
  1949 | D:4      | Reached skill level 2 in Conjurations
  1949 | D:4      | Reached XP level 4. HP: 31/33 MP: 2/10
  1964 | D:4      | Found a glowing drain.
  2007 | Sewer    | Entered a sewer
  2460 | Sewer    | Noticed a kobold brigand
  2482 | Sewer    | Killed a kobold brigand
  2483 | Sewer    | Reached skill level 3 in Conjurations
  2483 | Sewer    | Reached XP level 5. HP: 7/39 MP: 0/11
  3508 | D:2      | Reached skill level 1 in Fighting
  3508 | D:2      | Reached XP level 6. HP: 47/47 MP: 6/13
  3950 | D:2      | Reached skill level 4 in Conjurations
  4124 | D:3      | Found an ornate altar of the Wu Jian Council.
  4124 | D:3      | Found a shadowy altar of Dithmenos.
  4128 | D:3      | Found a shimmering blue altar of Sif Muna.
  4128 | D:3      | Found a stormy altar of Qazlal.
  4128 | D:3      | Found a glowing golden altar of the Shining One.
  4128 | D:3      | Found a snail-covered altar of Cheibriados.
  4130 | D:3      | Found a broken altar of Ashenzari.
  4130 | D:3      | Found a hide-covered altar of Uskayaw.
  4130 | D:3      | Found a shimmering altar of Xom.
  4134 | D:3      | Became a worshipper of Sif Muna the Loreminder
  4512 | D:3      | Reached skill level 5 in Spellcasting
  5117 | D:4      | Reached * piety under Sif Muna
  5208 | D:5      | Entered Level 5 of the Dungeon
  5209 | D:5      | Noticed pdpol's ghost (amateur GnWn)
  5246 | D:5      | Found a runed translucent gate.
  5246 | D:5      | Found a runed translucent gate.
  5246 | D:5      | Found a runed translucent gate.
  5322 | D:5      | Your scales start taking on a pale cyan-grey colour.
  5322 | D:5      | Reached XP level 7. HP: 18/52 MP: 6/14
  5322 | D:5      | Gained mutation: You are immune to the effects of steam.
                  | [Pale Draconian growth]
  5575 | D:5      | Reached skill level 5 in Conjurations
  6000 | D:5      | Reached ** piety under Sif Muna
  6074 | D:5      | Noticed Edmund
  6106 | D:5      | Killed Edmund
  6439 | D:5      | Noticed Blork the orc
  6448 | D:5      | Killed Blork the orc
  6449 | D:5      | Reached skill level 6 in Conjurations
  6449 | D:5      | Reached XP level 8. HP: 61/61 MP: 7/16
  6549 | D:5      | Found Faeklymp's Magic Scroll Shoppe.
  7117 | D:6      | Found a basalt altar of Yredelemnul.
  7324 | D:6      | Reached skill level 7 in Conjurations
  7779 | D:6      | Reached XP level 9. HP: 68/69 MP: 14/19
  7954 | D:6      | Noticed an oklob plant
  7956 | D:6      | Reached *** piety under Sif Muna
  7958 | D:6      | Reached skill level 8 in Conjurations
  8214 | D:6      | Noticed Eustachio
  8284 | D:6      | Killed Eustachio
  8409 | D:6      | Reached skill level 5 in Dodging
  8497 | D:6      | Found a staircase to the Ecumenical Temple.
  8788 | D:6      | Killed from afar by an oklob plant

Illustrated notes

Levels and vault maps discovered:
D:1:      saegor_arrival_simple_c, layout_rooms,
          hellmonk_ecumenical_altar_crossroads
D:2:      layout_basic, minmay_indecisive_spiral
D:3:      layout_rooms, nicolae_overflows_in_rows,
          chequers_serial_rivers_room_a, minmay_door_square, minmay_mini_jars
D:4:      layout_loops_cross, gup_sewer_entry_bowl
D:5:      kennysheep_slugbush, layout_basic, gammafunk_ghost_icy, serial_shops,
          shop, uniq_blork_the_orc, uniq_edmund
D:6:      lemuel_slime, layout_cave_pools, kennysheep_mini_moat,
          minmay_temple_entry_nine_rooms, grunt_decor_cap, lightli_minifort,
          uniq_eustachio

Skill      XL: |  1  2  3  4  5  6  7  8  9 |
---------------+----------------------------+-----
Dodging        | 2 3 4 5 |  5.0
Spellcasting   | 4 5 6 7 |  7.3
Conjurations   | 2 3 4 6 7 8 |  8.5
Fighting       | 1 2 3 |  3.8
Stealth        | |  1.7
Summonings     | |  1.0
Translocations | |  1.0

Action                   |  1- 3 |  4- 6 |  7- 9 || total
-------------------------+-------+-------+-------++-------
Melee: Mace              |    15 |       |       ||    15
       Staff             |    33 |       |       ||    33
       Tailslap          |     7 |    19 |    11 ||    37
       Dagger            |    24 |   132 |     9 ||   165
       Punch             |       |     3 |     1 ||     4
       Flail             |       |       |    69 ||    69
 Cast: Magic Dart        |   103 |   123 |   152 ||   378
       Mephitic Cloud    |       |     2 |     3 ||     5
 Abil: Breathe Steam     |       |       |    23 ||    23
  Use: Potion            |       |     2 |       ||     2
 Stab: Sleeping          |       |     1 |       ||     1
Armor: Skin              |    43 |    50 |    61 ||   154
Dodge: Dodged            |    56 |    97 |   115 ||   268

Table legend: (Time is in decaauts)
 A = Elapsed time spent in this place.
 B = Non-inter-level travel time spent in this place.
 C = Inter-level travel time spent in this place.
 D = Time resting spent in this place.
 E = Time spent auto-exploring this place.
 F = Levels seen in this place.
 G = Mean time per level.
                   A        B        C        D        E       F      G
               +--------+--------+--------+--------+--------+-----+--------+
         Total |   8914 |   8787 |    127 |   2777 |   3653 |   7 | 1273.4 |
       Dungeon |   8136 |   8009 |    127 |   2347 |   3609 |   6 | 1356.0 |
         Sewer |    777 |    777 |      0 |    430 |     44 |   1 |  777.0 |
               +--------+--------+--------+--------+--------+-----+--------+

Top non-repeatable levels by time:
     D:5: 2028 daAuts
     D:1: 1452 daAuts
     D:6: 1397 daAuts
     D:4: 1347 daAuts
     D:2: 959 daAuts
     D:3: 949 daAuts
   Sewer: 777 daAuts
